 Dungeon Crawl Stone Soup version 0.20-a0-1039-gf554463 (webtiles) character file.

6689 nubinia the Summoner (level 11, -9/60 HPs)
             Began as a Tengu Summoner on Apr 22, 2017.
             Was an Elder of Sif Muna.
             Engulfed by a cloud of flame (13 damage)
             ... on level 10 of the Dungeon.
             The game lasted 01:18:33 (14165 turns).

nubinia the Summoner (Tengu Summoner)              Turns: 14165, Time: 01:18:34

Health: -9/60      AC: 10    Str: 13    XL:     11   Next: 3%
Magic:  17/21      EV: 16    Int: 19    God:    Sif Muna [****..]
Gold:   349        SH:  4    Dex: 14    Spells: 3/22 levels left

rFire    . . .     SeeInvis .   E - +6 flail of Feats {protect, rC+ MR+ Str+4}
rCold    + . .     Gourm    .   i - +0 buckler
rNeg     . . .     Faith    .   a - +0 robe
rPois    .         Spirit   .   (helmet restricted)
rElec    .         Reflect  .   A - +0 cloak
rCorr    .         Harm     .   (no gloves)
MR       +....                  (boots unavailable)
Stlth    +++.......             w - amulet of magic regeneration
Regen    0.2/turn               (no ring)
MPRegen  0.3/turn               (no ring)

@: protection aura, flying quickly and evasively, divine energy, quick
A: beak, talons 3, able to fly 1
a: Stop Divine Energy, Channel Magic, Forget Spell, Renounce Religion


You were on level 10 of the Dungeon.
You worshipped Sif Muna.
Sif Muna was greatly pleased with you.
You were not hungry.

You visited 2 branches of the dungeon, and saw 11 of its levels.
You also visited: Sewer.

You collected 349 gold pieces.

Inventory:

Hand Weapons
 g - a +0 blowgun
 k - a +2 dagger of flaming
 l - a +1 dagger of venom
 o - a +0 dagger of flaming
 t - a +3 dagger of speed
 E - the +6 flail of Feats (weapon) {protect, rC+ MR+ Str+4}
   (You found it on level 7 of the Dungeon)

   It protects the one who uses it against injury (+AC on strike).
   It affects your strength (+4).
   It protects you from cold.
   It affects your resistance to hostile enchantments.
 H - a +1 dagger of protection
Missiles
 n - 19 poisoned needles
Armour
 a - a +0 robe (worn)
 i - a +0 buckler (worn)
 A - a +0 cloak (worn)
Jewellery
 w - an amulet of magic regeneration (around neck)
Wands
 x - a wand of iceblast (14/15)
 y - a wand of confusion (23/48)
 B - a wand of flame (26/48)
 G - a wand of random effects (23/48)
 J - a wand of iceblast (3/15)
Scrolls
 p - 2 scrolls of magic mapping
 u - 4 scrolls of amnesia
Potions
 d - a potion of ambrosia
 f - 4 potions of curing
 q - 2 potions of haste
 r - a potion of flight
 v - 3 potions of lignification
 z - a potion of mutation {unknown}
 N - a potion of berserk rage
Books
 b - a book of Callings

   Spells                             Type                      Level
   a - Summon Small Mammal            Summoning                    1
   b - Call Imp                       Summoning                    2
   c - Call Canine Familiar           Summoning                    3
   d - Summon Guardian Golem          Hexes/Summoning              3
   e - Summon Lightning Spire         Summoning/Air                4
   f - Summon Ice Beast               Ice/Summoning                4
 K - a book of Frost

   Spells                             Type                      Level
   a - Freeze                         Ice                          1
   b - Throw Frost                    Conjuration/Ice              2
   c - Ozocubu's Armour               Charms/Ice                   3
   d - Throw Icicle                   Conjuration/Ice              4
   e - Summon Ice Beast               Ice/Summoning                4
Comestibles
 c - 9 bread rations
 h - 20 fruits
 m - 6 chunks of flesh
 s - 9 meat rations


   Skills:
 + Level 3.8 Fighting
 + Level 5.1 Short Blades
 + Level 2.3 Maces & Flails
 + Level 0.2 Throwing
 + Level 4.5 Dodging
 + Level 5.1 Stealth
 + Level 0.8 Shields
 - Level 0.2 Unarmed Combat
 + Level 6.3 Spellcasting
 * Level 3.6 Conjurations
 * Level 11.8 Summonings
 + Level 1.4 Ice Magic
 * Level 8.8 Air Magic


You had 3 spell levels left.
You knew the following spells:

 Your Spells              Type           Power        Failure   Level  Hunger
a - Summon Small Mammal   Summ           ####         1%          1    None
b - Call Imp              Summ           ######..     1%          2    None
c - Call Canine Familiar  Summ           ######..     1%          3    ##.....
d - Summon Lightning Spi  Summ/Air       #####...     2%          4    ####...
e - Summon Guardian Gole  Hex/Summ       ####....     4%          3    ##.....
f - Summon Ice Beast      Ice/Summ       ####....     11%         4    ####...
g - Throw Frost           Conj/Ice       ###...       9%          2    None


Dungeon Overview and Level Annotations

Branches:
Dungeon (10/15)            Temple (1/1) D:6            Lair (0/6) D:10
    Orc: D:9-12

Altars:
Ashenzari
Cheibriados
Dithmenos
Elyvilon
Fedhas
Gozag
Hepliaklqana
Kikubaaqudgha
Makhleb
Nemelex Xobeh
Okawaru
Qazlal
Ru
Sif Muna
Trog
Uskayaw
Vehumet
Wu Jian
Xom
Yredelemnul
Zin
The Shining One

Shops:
D:7 :


Innate Abilities, Weirdness & Mutations

You have a beak for a mouth.
You have claws for feet.
You can fly.


Message History

The yak dies!
Sif Muna accepts your kill. The fiery explosion engulfs you!
Ouch! That really hurt!
* * * LOW HITPOINT WARNING * * *
The yak gores you.
* * * LOW HITPOINT WARNING * * *
You hear a bark!
You hear two shouts!
You feel much better.
You are engulfed in blazing flames.
* * * LOW HITPOINT WARNING * * *
The howler monkey skeleton is engulfed in blazing flames.
The howler monkey skeleton is destroyed!
The yak gores you.
* * * LOW HITPOINT WARNING * * *
You feel much better.
You are engulfed in blazing flames.
* * * LOW HITPOINT WARNING * * *
The yak gores you.
* * * LOW HITPOINT WARNING * * *
You are engulfed in blazing flames.
You die...

#..#...#
#.#####...
#....).# #.# ...
#.#....# #.# #
#...## .# #...#
#...#
######.####.####
.......§§§Y......
#######§@###....#
##†# ..# #.. #
##.# .. #.# ..
...


You could see a yak.

Vanquished Creatures
  Pikel (D:5)
  A hippogriff (D:9)
  A wyvern (D:8)
  A yak (D:10)
  2 hungry ghosts
  Menkaure (D:7)
  Duvessa (D:6)
  An ice beast (D:8)
  A sky beast (D:7)
  2 centaurs
  A crocodile (D:10)
  3 big kobolds (Sewer)
  2 bullfrogs
  Dowan (D:6)
  A scorpion (D:9)
  A water moccasin skeleton (D:4)
  A howler monkey (D:10)
  A bullfrog zombie (D:9)
  2 bullfrog skeletons (D:4)
  2 orc wizards
  2 centaur skeletons
  An orc priest (D:6)
  3 jellies
  Ijyb (D:4)
  5 worker ants
  4 river rats (Sewer)
  8 adders
  A shadow imp (D:10)
  7 oozes
  An adder skeleton (D:7)
  3 worms
  4 leopard geckos
  11 orcs
  6 giant cockroaches
  4 goblins (D:1)
  3 hobgoblins
  8 kobolds
  5 quokkas
  6 ball pythons
  A ball python zombie (D:5)
  6 bats
  7 frilled lizards
  A giant cockroach zombie (D:5)
  A jackal skeleton (D:5)
  A quokka skeleton (D:9)
  13 rats
140 creatures vanquished.

Vanquished Creatures (collateral kills)
  3 two-headed ogres (D:9)
  The ghost of Roxy the Carver, a novice FoFi of Okawaru (D:8)
  Maurice (D:8)
  A centaur skeleton (D:9)
  2 trolls (D:9)
  A hornet (D:9)
  Sigmund (D:6)
  3 yaks (D:10)
  A hungry ghost (D:8)
  Edmund (D:6)
  A black bear (D:7)
  2 orc warriors (D:6)
  A sky beast (D:9)
  2 ice beasts
  2 ogres
  2 centaurs
  A big kobold (Sewer)
  4 bullfrogs
  3 scorpions
  5 wights (D:6)
  3 howler monkeys
  A crimson imp (D:5)
  2 jellies
  An orc wizard (D:4)
  5 orc priests
  A gnoll shaman (D:8)
  2 hounds
  4 iguanas
  4 worker ants
  A worker ant zombie (D:7)
  3 gnolls (D:8)
  A howler monkey skeleton (D:6)
  7 adders
  An adder skeleton (D:6)
  A worm (Sewer)
  A dart slug (D:2)
  6 leopard geckos
  13 orcs
  7 bats
  A giant cockroach (D:2)
  A goblin (D:1)
  2 hobgoblins
  2 jackals (D:1)
  5 kobolds
  A quokka (D:2)
  2 frilled lizards
  A jackal skeleton (D:5)
  A quokka zombie (D:8)
  2 rats
120 creatures vanquished.

Vanquished Creatures (others)
  A slime creature (D:10)
  A howler monkey skeleton (D:10)
  A bush (D:10)
  5 fungi (D:10)
  17 plants (D:10)
25 creatures vanquished.

Grand Total: 285 creatures vanquished

Notes
Turn   | Place    | Note
-------+----------+-------------------------------------------
     0 | D:1      | nubinia the Tengu Summoner began the quest for the Orb.
     0 | D:1      | Reached XP level 1. HP: 10/10 MP: 4/4
    92 | D:1      | Reached skill level 5 in Summonings
   362 | D:1      | Reached XP level 2. HP: 13/15 MP: 6/6
   366 | D:1      | Learned a level 2 spell: Call Imp
  1342 | D:1      | Reached XP level 3. HP: 17/20 MP: 7/7
  1347 | D:1      | Learned a level 3 spell: Call Canine Familiar
  3018 | D:2      | Reached XP level 4. HP: 17/24 MP: 1/8
  3457 | D:3      | Found a sparkling altar of Nemelex Xobeh.
  3458 | D:3      | Found an opulent altar of Gozag.
  4001 | D:4      | Gained mutation: You can fly. [Tengu growth]
  4001 | D:4      | Reached XP level 5. HP: 25/28 MP: 10/10
  4094 | D:4      | Reached skill level 1 in Short Blades
  4341 | D:4      | Reached skill level 1 in Fighting
  4588 | D:4      | Noticed Ijyb
  4905 | D:5      | Entered Level 5 of the Dungeon
  4913 | D:5      | Reached XP level 6. HP: 34/34 MP: 12/12
  4920 | D:5      | Found a glowing silver altar of Zin.
  4921 | D:5      | Found a white marble altar of Elyvilon.
  4923 | D:5      | Found a hazy altar of Hepliaklqana.
  4923 | D:5      | Found an iron altar of Okawaru.
  4925 | D:5      | Found a shattered altar of Ashenzari.
  4926 | D:5      | Found a radiant altar of Vehumet.
  4959 | D:5      | Reached skill level 6 in Summonings
  5224 | D:5      | Found a shadowy altar of Dithmenos.
  5270 | D:5      | Found a glowing drain.
  5330 | Sewer    | Entered a sewer
  5987 | Sewer    | Reached XP level 7. HP: 36/38 MP: 5/13
  6768 | D:5      | Noticed Pikel
  6801 | D:5      | Killed Pikel
  6801 | D:5      | Reached skill level 7 in Summonings
  6801 | D:5      | Reached XP level 8. HP: 23/45 MP: 10/15
  7357 | D:6      | Noticed Duvessa
  7357 | D:6      | Noticed Dowan
  7363 | D:6      | Killed Duvessa
  7372 | D:6      | Killed Dowan
  7986 | D:6      | Reached skill level 5 in Short Blades
  8007 | D:6      | Found a staircase to the Ecumenical Temple.
  8013 | Temple   | Entered the Ecumenical Temple
  8088 | Temple   | Became a worshipper of Sif Muna the Loreminder
  8445 | D:6      | Reached skill level 5 in Spellcasting
  8484 | D:6      | Learned a level 4 spell: Summon Lightning Spire
  8498 | D:6      | Reached skill level 1 in Air Magic
  8521 | D:6      | Reached XP level 9. HP: 51/51 MP: 5/17
  9059 | D:6      | Reached * piety under Sif Muna
  9320 | D:6      | Noticed Sigmund
  9328 | D:6      | Killed Sigmund
  9328 | D:6      | Reached skill level 5 in Air Magic
  9504 | D:6      | Found an ornate altar of the Wu Jian Council.
  9567 | D:6      | Learned a level 3 spell: Summon Guardian Golem
  9578 | D:6      | Noticed Edmund
  9589 | D:6      | Killed Edmund
  9589 | D:6      | Reached skill level 8 in Summonings
  9796 | D:7      | Found a sparkling altar of Nemelex Xobeh.
 10055 | D:7      | Reached skill level 9 in Summonings
 10158 | D:7      | Got a jewelled flail
 10287 | D:7      | Found Ytzar's Book Shop.
 10300 | D:7      | Noticed Menkaure
 10306 | D:7      | Killed Menkaure
 10462 | D:7      | Reached ** piety under Sif Muna
 10956 | D:4      | Killed Ijyb
 11277 | D:8      | Learned a level 4 spell: Summon Ice Beast
 11471 | D:8      | Found a burning altar of Makhleb.
 11480 | D:8      | Noticed Roxy's ghost (novice FoFi)
 11580 | D:8      | Killed Roxy's ghost
 11580 | D:8      | Reached skill level 10 in Summonings
 11580 | D:8      | Reached skill level 1 in Ice Magic
 11580 | D:8      | Reached XP level 10. HP: 55/56 MP: 8/19
 11732 | D:8      | Learned a level 2 spell: Throw Frost
 11768 | D:8      | Noticed Maurice
 11788 | D:8      | Reached *** piety under Sif Muna
 11788 | D:8      | Reached skill level 1 in Conjurations
 11897 | D:8      | Killed Maurice
 11897 | D:8      | Reached skill level 5 in Stealth
 12159 | D:9      | Found a basalt altar of Yredelemnul.
 12188 | D:9      | Found a stormy altar of Qazlal.
 12251 | D:9      | Paralysed by a hornet for 3 turns
 12253 | D:9      | HP: 2/56 [hornet (11)]
 12513 | D:9      | Identified the +6 flail of Feats {protect, rC+ MR+ Str+4} (You found it on level 7 of the Dungeon)
 12709 | D:9      | Noticed a two-headed ogre
 12765 | D:9      | Killed a two-headed ogre
 12765 | D:9      | Reached skill level 11 in Summonings
 12991 | D:9      | Noticed a two-headed ogre
 13007 | D:9      | Killed a two-headed ogre
 13007 | D:9      | Reached skill level 1 in Maces & Flails
 13337 | D:9      | Noticed a two-headed ogre
 13355 | D:9      | Killed a two-headed ogre
 13773 | D:10     | Entered Level 10 of the Dungeon
 13776 | D:10     | Reached **** piety under Sif Muna
 13843 | D:10     | Noticed a tengu warrior
 13892 | D:10     | Found a staircase to the Lair.
 14150 | D:10     | Reached XP level 11. HP: 60/60 MP: 13/21
 14162 | D:10     | HP: 3/60 [guardian golem/exploding inner flame[the player character] (42)]
 14165 | D:10     | Engulfed by a cloud of flame

Vault maps used:
D:1:      lightli_arrival_statue_moat, hex_tiny
D:2:      hangedman_glass_teeth
D:3:      grunt_temple_overflow_opulence, first_bread
D:4:      uniq_ijyb
D:5:      grunt_temple_overflow_open, marbit_many_paths, portal_sewer_entry_f,
          uniq_pikel
D:6:      temple_fountains, kennysheep_flooded_box, uniq_duvessa, uniq_sigmund,
          uniq_edmund
D:7:      serial_shops, nicolae_shop_crystal, nemelex_diamond_rough_becter,
          uniq_menkaure
D:8:      kennysheep_mini, uniq_maurice
D:9:      overflow_temple_1_default, basic_altar
D:10:     minmay_lair_entry_grove, grunt_tengu_nest, jiyva_altar_1, uniq_sonja
Temple:   jpeg_temple_clearing
Sewer:    sewer_co_tree

Skill      XL: |  1  2  3  4  5  6  7  8  9 10 |
---------------+-------------------------------+-----
Summonings     | 5 6 7 10 11 | 11.8
Spellcasting   | 3 4 5 6 |  6.3
Short Blades   | 2 4 5 |  5.1
Fighting       | 1 2 3 |  3.8
Dodging        | 3 4 |  4.5
Stealth        | 3 4 5 |  5.1
Air Magic      | 2 7 8 |  8.8
Ice Magic      | 1 |  1.4
Conjurations   | 3 |  3.6
Maces & Flails | 2 |  2.3
Throwing       | |  0.2
Shields        | |  0.8
Unarmed Combat | |  0.2

Action                   |  1- 3 |  4- 6 |  7- 9 | 10-12 || total
-------------------------+-------+-------+-------+-------++-------
Melee: Unarmed           |   125 |       |       |       ||   125
       Peck              |    15 |    25 |    56 |    10 ||   106
       Kick              |    30 |    35 |    87 |    18 ||   170
       Dagger            |    15 |   187 |   340 |    36 ||   578
       Flail             |       |       |       |    61 ||    61
 Fire: Blowgun           |       |       |     6 |       ||     6
 Cast: Summon Small Mamm |    35 |     2 |       |     5 ||    42
       Call Imp          |     2 |     5 |    12 |     5 ||    24
       Call Canine Famil |     8 |    15 |    27 |    14 ||    64
       Summon Lightning  |       |       |    20 |    16 ||    36
       Summon Guardian G |       |       |     1 |     3 ||     4
Invok: Divine Energy     |       |       |     1 |       ||     1
 Abil: Fly               |       |    12 |    34 |    15 ||    61
Evoke: Wand              |       |       |       |     2 ||     2
  Use: Scroll            |     4 |     7 |     5 |     7 ||    23
       Potion            |     2 |       |     1 |     7 ||    10
 Stab: Sleeping          |     7 |     9 |    16 |     3 ||    35
       Distracted        |     1 |       |     1 |     2 ||     4
  Eat: Chunk             |     7 |    13 |    24 |    12 ||    56
       Royal jelly       |       |       |     2 |     2 ||     4
Armor: Robe              |    24 |    16 |    14 |    17 ||    71
Dodge: Dodged            |   103 |    91 |   143 |    60 ||   397
Block: Buckler           |       |       |     8 |    15 ||    23
